 Dungeon Crawl Stone Soup version 0.14-a0-1739-g6c2808e (webtiles) character file.

377 Nicoed the Skirmisher (level 5, -2/42 HPs)
             Began as a Demonspawn Fighter on Jan 3, 2014.
             Was an Initiate of Yredelemnul.
             Killed from afar by Sigmund (3 damage)
             ... with a wand of frost
             ... on Level 4 of the Dungeon.
             The game lasted 00:08:14 (2390 turns).

Nicoed the Skirmisher (Demonspawn Fighter)          Turns: 2390, Time: 00:08:14

HP  -2/42        AC 11     Str 18      XL: 5   Next: 79%
MP   5/5         EV  2     Int  9      God: Yredelemnul [......]
Gold 137         SH  0     Dex 12      Spells:  0 memorised,  4 levels left

rFire  + . .     SeeInvis .     t - +1,+0 dwarf hand axe
rCold  + . .     Clarity  .     p - +0 plate armour
rNeg   . . .     Conserve .     c - +0 shield (curse)
rPois  +         rCorr    .     (helmet restricted)
rElec  +         rRot     .     (no cloak)
SustAb . .       Spirit   .     (no gloves)
rMut   +         Warding  .     (no boots)
Saprov . . .     Stasis   .     r - amulet of resist mutation
                                (no ring)
                                (no ring)

@: confused, slightly resistant to hostile enchantments, extremely unstealthy
A: horns 1
a: Renounce Religion


You were on level 4 of the Dungeon.
You worshipped Yredelemnul.
Yredelemnul was noncommittal.
You were not hungry.

You visited 1 branch of the dungeon, and saw 4 of its levels.

You collected 137 gold pieces.

Inventory:

Hand weapons
 t - a +1,+0 dwarven hand axe (weapon)
Armour
 c - a cursed +0 shield (worn)
 p - a +0 plate armour (worn)
Magical devices
 s - a wand of flame (9)
Comestibles
 b - an apple
 d - 4 bread rations
 h - 3 meat rations
Scrolls
 e - 2 scrolls of blinking
 i - 3 scrolls of remove curse
 j - a scroll of enchant armour {unknown}
 k - a scroll of noise
 l - a scroll of teleportation
 q - a scroll of fear
Jewellery
 r - an amulet of resist mutation (around neck)
Potions
 a - a potion of restore abilities
 m - a potion of resistance


   Skills:
 + Level 4.2 Fighting
 + Level 3.3 Axes
 + Level 3.6 Armour
 + Level 2.2 Dodging
 - Level 2.6 Shields


You had 4 spell levels left.
You didn't know any spells.

Dungeon Overview and Level Annotations

Branches:
Dungeon (4/16)
 Temple: D:4-7

Altars:
Yredelemnul

Annotations:
D:4 Sigmund


Innate Abilities, Weirdness & Mutations

You have a pair of small horns on your head.


Message History

You slash Sigmund!
Sigmund is severely wounded.
Sigmund casts a spell.
Sigmund flickers and vanishes!
Deactivating autopickup; reactivate with Ctrl-A.
Unknown command.
Ouch! You hear a zap.
The puff of frost hits you!
* * * LOW HITPOINT WARNING * * *
Unknown command.
You feel protected.
It was a potion of resistance.
It hits you.
* * * LOW HITPOINT WARNING * * *
Ouch! You completely miss it. You headbutt it.
You hear a zap.
The puff of frost hits you! You resist.
You die...
Your body rises from the dead as a mindless zombie.

#..########..#
#............
##.########.
#.# #.# #.#
#.# .
#.#####....#
#..@.o..#
#######....# .


You could see an orc.

Vanquished Creatures
  A hound (D:4)
  3 worker ants (D:4)
  A hound skeleton (D:4)
  A giant mite (D:4)
  An inept item mimic (D:2)
  4 adders
  3 orcs (D:3)
  9 bats
  4 giant cockroaches
  8 goblins
  7 hobgoblins
  7 jackals (D:2)
  4 quokkas
  5 giant geckos
  6 giant newts
  7 kobolds
  9 rats
  A spectral orc (D:3)
81 creatures vanquished.

Notes
Turn   | Place    | Note
--------------------------------------------------------------
     0 | D:1      | Nicoed, the Demonspawn Fighter, began the quest for the Orb.
     0 | D:1      | Reached XP level 1. HP: 18/18 MP: 1/1
   162 | D:1      | Gained mutation: You have a pair of small horns on your head. [demonic ancestry]
   162 | D:1      | Reached XP level 2. HP: 24/24 MP: 2/2
   615 | D:2      | Reached skill level 1 in Dodging
   656 | D:2      | Reached XP level 3. HP: 27/29 MP: 3/3
  1276 | D:3      | Reached XP level 4. HP: 33/35 MP: 4/4
  1804 | D:3      | Found a basalt altar of Yredelemnul.
  1813 | D:3      | Became a worshipper of Yredelemnul the Dark
  1947 | D:4      | Reached XP level 5. HP: 11/42 MP: 5/5
  1967 | D:4      | Reached skill level 4 in Fighting
  2374 | D:4      | Noticed Sigmund
  2388 | D:4      | HP: 1/42 [something (3)]
  2390 | D:4      | Killed from afar by Sigmund

Action                   |  1- 3 |  4- 6 || total
-------------------------+-------+-------++-------
Melee: Hand axe          |   151 |   115 ||   266
Evoke: Wand              |       |     1 ||     1
  Use: Scroll            |     7 |     4 ||    11
       Potion            |       |     4 ||     4
